 Dungeon Crawl Stone Soup version 0.28-a0-1236-gb25a51b929 (webtiles) character file.

Game seed: 1434771207212781431

421 blank1 the Poker (level 6, -6/57 HPs)
             Began as a Minotaur Fighter on Dec 26, 2021.
             Mangled by an orc warrior (13 damage)
             ... on level 4 of the Dungeon.
             The game lasted 00:04:17 (3456 turns).

blank1 the Poker (Minotaur Fighter)                 Turns: 3456, Time: 00:04:18

Health: -6/57      AC:  8    Str: 23    XL:     6   Next: 62%
Magic:  5/5        EV: 10    Int: 11    God:
Gold:   196        SH:  4    Dex:  9    Spells: 5/5 levels left

rFire   . . .      SeeInvis .   a - +0 trident
rCold   . . .      Faith    .   c - +0 buckler
rNeg    . . .      Spirit   .   b - +0 scale mail
rPois   +          Reflect  .   (helmet restricted)
rElec   .          Harm     .   (no cloak)
rCorr   .          Rampage  .   l - +0 pair of gloves
Will    .....                   (no boots)
Stlth   ..........              (no amulet)
HPRegen 0.19/turn               p - ring of poison resistance
MPRegen 0.09/turn               o - +6 ring of intelligence

@: no status effects
A: horns 2, retaliatory headbutt
a: no special abilities


You were on level 4 of the Dungeon.
You visited 1 branch of the dungeon, and saw 4 of its levels.

You collected 196 gold pieces.

Inventory:

Hand Weapons
 a - a +0 trident (weapon)
Missiles
 m - a throwing net (quivered)
Armour
 b - a +0 scale mail (worn)
 c - a +0 buckler (worn)
 l - a +0 pair of gloves (worn)
Jewellery
 o - a +6 ring of intelligence (right hand)
 p - a ring of poison resistance (left hand)
Scrolls
 e - a scroll of identify {unknown}
 f - a scroll of amnesia {unknown}
 g - a scroll of enchant armour {unknown}
 i - a scroll of holy word {unknown}
 j - 2 scrolls of teleportation
 k - a scroll of brand weapon {unknown}
 q - a scroll of enchant weapon {unknown}
Potions
 d - 2 potions of might
 h - 2 potions of curing {unknown}
 n - 3 potions of attraction {unknown}


   Skills:
 - Level 6.0 Fighting
 + Level 6.3 Polearms
 - Level 4.0 Armour
 - Level 2.0 Dodging
 - Level 4.0 Shields


You had 5 spell levels left.
You didn't know any spells.
Your spell library contained the following spells:

 Spells                   Type           Power      Damage    Failure   Level
 Beastly Appendage        Tmut           0%         N/A       65%         1
 Wereblood                Tmut           0%         N/A       78%         2
 Spider Form              Tmut/Pois      0%         N/A       95%         3


Dungeon Overview and Level Annotations

Branches:
Dungeon (4/15)
 Temple: D:4-7

Altars:
Elyvilon
Gozag
Qazlal
Trog

Shops:
D:1 [(?


Innate Abilities, Weirdness & Mutations

You have a pair of horns on your head.
You reflexively headbutt those who attack you in melee.


Message History

You block the orc warrior's attack.
You puncture the orc warrior!
The orc warrior is moderately wounded.
The orc warrior hits you with a +0 dire flail!
You are too injured to fight recklessly!
You are too injured to fight recklessly!
You are too injured to fight recklessly!
You are too injured to fight recklessly!
You barely miss the orc warrior.
The orc warrior is moderately wounded.
You block the orc warrior's attack.
You barely miss the orc warrior.
You headbutt the orc warrior, but do no damage.
The orc warrior is moderately wounded.
The orc warrior hits you with a +0 dire flail!
* * * LOW HITPOINT WARNING * * *
You hit the orc warrior but do no damage.
You headbutt the orc warrior.
The orc warrior is heavily wounded.
You block the orc warrior's attack.
You closely miss the orc warrior.
The orc warrior is heavily wounded.
The orc warrior hits you with a +0 dire flail.
* * * LOW HITPOINT WARNING * * *
You hit the orc warrior but do no damage.
Your headbutt misses the orc warrior.
The orc warrior is heavily wounded.
The orc warrior barely misses you.
You hit the orc warrior but do no damage.
The orc warrior is heavily wounded.
You block the orc warrior's attack.
You barely miss the orc warrior.
The orc warrior is heavily wounded.
The orc warrior hits you with a +0 dire flail.
* * * LOW HITPOINT WARNING * * *
You hit the orc warrior but do no damage.
Your headbutt misses the orc warrior.
The orc warrior is heavily wounded.
The orc warrior hits you with a +0 dire flail!
You die...

.# #.#....†'.#..#.###
##### .# #.#.#.#)#......#
.#########.#.....#......#
.#.........#.#.#.#.#..#.#
.#.........#.....#......#
.#.........##'###########
.#.........##.(..#...+..#
''.........##.##.#...#..#
...........##.##@o...#+##
...........##....#####[#
....############## ##
....# ....# ....# ....#
#####


You could see an orc warrior.

Vanquished Creatures
  2 scorpions (D:4)
  A water moccasin skeleton (D:4)
  A jelly (D:4)
  An orc priest (D:4)
  An orc wizard (D:4)
  4 gnolls (D:3)
  5 adders
  2 dart slugs (D:1)
  8 orcs
  5 bats
  10 endoplasms
  2 giant cockroaches
  8 goblins
  3 hobgoblins
  6 jackals (D:4)
  2 quokkas
  5 ball pythons
  4 frilled lizards
  8 kobolds
78 creatures vanquished.

Notes
Turn   | Place    | Note
-------+----------+-------------------------------------------
     0 | D:1      | blank1 the Minotaur Fighter began the quest for the Orb.
     0 | D:1      | Reached XP level 1. HP: 19/19 MP: 0/0
    41 | D:1      | Found Forhoq's Weapon Emporium.
   204 | D:1      | Found Toucs's Armour Boutique.
   267 | D:1      | Reached XP level 2. HP: 27/27 MP: 1/1
   331 | D:1      | Found a faded altar of an unknown god.
   369 | D:1      | Found Kyeral's Magic Scroll Shop.
   554 | D:1      | Reached skill level 1 in Dodging
   918 | D:2      | Found a stormy altar of Qazlal.
   921 | D:2      | Reached XP level 3. HP: 31/33 MP: 2/2
  1419 | D:3      | Reached XP level 4. HP: 29/40 MP: 3/3
  1961 | D:3      | Found a bloodstained altar of Trog.
  1963 | D:3      | Found an opulent altar of Gozag.
  2283 | D:3      | Found a white marble altar of Elyvilon.
  2690 | D:4      | Noticed a scorpion
  2700 | D:4      | Killed a scorpion
  2701 | D:4      | Reached skill level 5 in Fighting
  2701 | D:4      | Reached XP level 5. HP: 38/48 MP: 4/4
  2890 | D:4      | Reached skill level 5 in Polearms
  2890 | D:4      | Reached XP level 6. HP: 57/57 MP: 5/5
  3333 | D:4      | Noticed a sky beast
  3381 | D:4      | Noticed an orc warrior
  3456 | D:4      | Mangled by an orc warrior

Illustrated notes

Levels and vault maps discovered:
D:1:      dpeg_arrival_tiny_j, layout_loops_ring, serial_shops,
          nicolae_shop_bloodbath_and_beyond, nicolae_shop_behind_doors, shop,
          shapermc_ecumenical_altar_flowoftime
D:2:      layout_rooms, basic_altar
D:3:      layout_loops_ring, nicolae_overflow_hidden_temple, st_stairs_7,
          bh_walls_and_bars
D:4:      minmay_clustersquares, layout_basic, minivault_27

Skill      XL: |  1  2  3  4  5  6 |
---------------+-------------------+-----
Dodging        | 1 2 |  2.0
Shields        | 4 |  4.0
Fighting       | 4 5 6 |  6.0
Polearms       | 3 4 5 6 |  6.3
Armour         | 4 |  4.0

Action                   |  1- 3 |  4- 6 || total
-------------------------+-------+-------++-------
Melee: Trident           |    79 |   157 ||   236
       Headbutt          |     7 |    20 ||    27
  Use: Scroll            |     1 |       ||     1
Armor: Scale mail        |    20 |    53 ||    73
Dodge: Dodged            |    11 |    52 ||    63
Block: Buckler           |    11 |    24 ||    35

Table legend: (Time is in decaauts)
 A = Elapsed time spent in this place.
 B = Non-inter-level travel time spent in this place.
 C = Inter-level travel time spent in this place.
 D = Time resting spent in this place.
 E = Time spent auto-exploring this place.
 F = Levels seen in this place.
 G = Mean time per level.
                   A        B        C        D        E       F      G
               +--------+--------+--------+--------+--------+-----+--------+
         Total |   3476 |   3395 |     81 |    264 |   2621 |   4 |  869.0 |
       Dungeon |   3476 |   3395 |     81 |    264 |   2621 |   4 |  869.0 |
               +--------+--------+--------+--------+--------+-----+--------+

Top non-repeatable levels by time:
     D:3: 1489 daAuts
     D:4: 831 daAuts
     D:1: 737 daAuts
     D:2: 417 daAuts
